 Dungeon Crawl Stone Soup version 0.24-a0-285-g3c078ff (webtiles) character file.

Game seed: 9257080094301575495

289 galech the Shield-Bearer (level 6, -4/47 HPs)
             Began as a Demonspawn Fighter on May 7, 2019.
             Killed from afar by an orc wizard (8 damage)
             ... with a magic dart
             ... on level 4 of the Dungeon.
             The game lasted 00:03:08 (2764 turns).

galech the Shield-Bearer (Demonspawn Fighter)       Turns: 2764, Time: 00:03:09

Health: -4/47      AC:  9    Str: 16    XL:     6   Next: 9%
Magic:  6/6        EV:  4    Int: 10    God:
Gold:   205        SH: 15    Dex: 14    Spells: 5/5 levels left

rFire    + . .     SeeInvis .   a - +0 war axe
rCold    x . .     Gourm    .   c - +0 shield
rNeg     . . .     Faith    .   h - +0 chain mail
rPois    .         Spirit   .   (no helmet)
rElec    .         Reflect  .   (no cloak)
rCorr    .         Harm     .   (no gloves)
MR       .....                  (no boots)
Stlth    ..........             (no amulet)
HPRegen  0.15/turn              k - ring of fire
MPRegen  0.10/turn              (no ring)

@: no status effects
A: talons 1, large bone plates 2
a: no special abilities


You were on level 4 of the Dungeon.
You were hungry.

You visited 1 branch of the dungeon, and saw 4 of its levels.

You collected 205 gold pieces.

Inventory:

Hand Weapons
 a - a +0 war axe (weapon)
Armour
 b - a +0 scale mail
 c - a +0 shield (worn)
 h - a +0 chain mail (worn)
Jewellery
 k - a ring of fire (left hand)
Wands
 g - a wand of flame (5)
 t - a wand of polymorph (11)
Scrolls
 i - a scroll of amnesia {unknown}
 l - a scroll of remove curse {unknown}
 m - 2 scrolls of enchant armour {unknown}
 n - a scroll of enchant weapon {unknown}
 r - 2 scrolls of immolation {unknown}
 s - 3 scrolls of identify {unknown}
Potions
 d - a potion of might
 e - a potion of invisibility {unknown}
 j - 2 potions of curing {unknown}
 o - a potion of cancellation {unknown}
 p - 2 potions of degeneration {unknown}
 q - 2 potions of magic {unknown}
Comestibles
 f - 5 rations
 u - 6 chunks of flesh


   Skills:
 + Level 3.5 Fighting
 + Level 3.5 Axes
 + Level 3.4 Armour
 + Level 0.4 Dodging
 + Level 4.5 Shields


You had 5 spell levels left.
You didn't know any spells.
Your spell library contained the following spells:

 Spells                   Type           Power        Failure   Level  Hunger
 Confusing Touch          Hex            #.....       100%        1    ##.....
 Corona                   Hex            #......      100%        1    ##.....
 Ensorcelled Hibernation  Hex/Ice        #.....       100%        2    ###....
 Confuse                  Hex            #.......     100%        3    ####...
 Dazzling Spray           Conj/Hex       #.....       100%        3    ####...
 Gell's Gravitas          Tloc           #.........   100%        3    ####...
 Tukima's Dance           Hex            #.......     100%        3    ####...
 Petrify                  Tmut/Erth      #.......     100%        4    #####..
 Metabolic Englaciation   Hex/Ice        #.........   100%        5    ######.
 Yara's Violent Unravell  Hex/Tmut       #.........   100%        5    ######.


Dungeon Overview and Level Annotations

Branches:
Dungeon (4/15)
 Temple: D:4-7

Altars:
Dithmenos
Elyvilon


Innate Abilities, Weirdness & Mutations

You have sharp toenails.
You are mostly covered in large bone plates. (SH +6)


Message History

You closely miss something.
The orc wizard gestures wildly while chanting.
The orc wizard blinks!
You hear some strange, mumbled words.
A magic dart appears from out of thin air!
The magic dart hits you.
* * * LOW HITPOINT WARNING * * *
You miss something. You claw something. You block something's attack.
Unknown command.
You slash something!
Reactivating autopickup.
You feel a bit more experienced.
Things that are here:
a +0 dagger; a +0 robe; an orc corpse You butcher the orc corpse.
Items here: % ) [ รท a +0 dagger; a +0 robe; 3 chunks of flesh; an orc skeleton The orc wizard points at you and mumbles some strange words.
The magic dart hits you!
You die...

.......## ###....
#.#.... ###.###.#
#..:..#.##
.###.#'#..#
...#.#))..# #
#..###.)).# .#
##.....).@###..#
##............#
#........###.#
#........#
..........#
...........# ####.
8_....####o###.....
..................
..................


You could see an orc wizard.

Vanquished Creatures
  5 orc wizards (D:4)
  4 adders
  4 gnolls
  An ooze (D:4)
  3 worms
  2 dart slugs
  3 leopard geckos (D:2)
  4 orcs
  3 giant cockroaches
  2 goblins
  6 hobgoblins
  2 jackals (D:2)
  2 quokkas (D:2)
  2 ball pythons
  7 bats
  7 frilled lizards
  6 kobolds
  7 rats
70 creatures vanquished.

Notes
Turn   | Place    | Note
-------+----------+-------------------------------------------
     0 | D:1      | galech the Demonspawn Fighter began the quest for the Orb.
     0 | D:1      | Reached XP level 1. HP: 18/18 MP: 1/1
   217 | D:1      | Gained mutation: You are partially covered in large bone
                  | plates. (SH +4) [demonic ancestry]
   217 | D:1      | Reached XP level 2. HP: 19/24 MP: 2/2
   704 | D:2      | Found a faded altar of an unknown god.
   921 | D:1      | Gained mutation: You are mostly covered in large bone
                  | plates. (SH +6) [demonic ancestry]
   921 | D:1      | Reached XP level 3. HP: 25/29 MP: 3/3
   934 | D:2      | Reached skill level 3 in Shields
  1018 | D:2      | Reached XP level 4. HP: 25/35 MP: 4/4
  1594 | D:2      | Found a white marble altar of Elyvilon.
  2551 | D:3      | Gained mutation: You have sharp toenails. [demonic
                  | ancestry]
  2551 | D:3      | Reached XP level 5. HP: 34/41 MP: 5/5
  2729 | D:4      | Found a shadowy altar of Dithmenos.
  2736 | D:4      | Reached skill level 4 in Shields
  2753 | D:4      | Reached XP level 6. HP: 7/47 MP: 6/6
  2764 | D:4      | Killed from afar by an orc wizard

Levels and vault maps discovered:
D:1:      lemuel_arrival_lava_pool, layout_basic, serial_glass, glass_columns_a,
          glass_columns_a, glass_columns_a, glass_columns_a, glass_columns_a,
          glass_columns_a, glass_columns_b, glass_columns_a,
          minmay_strange_pillars, due_unseen_surprise
D:2:      layout_loops_cross, nicolae_overflow_crystal_walls,
          chequers_ecumenical_altar_simple
D:3:      minmay_diamond_boxcup, layout_rooms, minivault_11
D:4:      layout_basic, chequers_temple_overflow_statue_of_worship,
          old_standard_altar, minmay_temple_entry_grid, nrook_mini_vaults,
          minmay_a_box_with_orc_wizards_in_it

Skill      XL: |  1  2  3  4  5 |
---------------+----------------+-----
Axes           | 2 3 |  3.5
Armour         | 3 |  3.4
Shields        | 3 4 |  4.5
Fighting       | |  3.5
Dodging        | |  0.4

Action                   |  1- 3 |  4- 6 || total
-------------------------+-------+-------++-------
Melee: War axe           |    93 |   209 ||   302
       Kick              |       |     9 ||     9
  Eat: Chunk             |     1 |     5 ||     6
Armor: Chain mail        |    51 |   108 ||   159
       Scale mail        |     5 |       ||     5
Dodge: Dodged            |    10 |    27 ||    37
Block: Shield            |    77 |   186 ||   263

Table legend:
 A = Non-vault XP
 B = Vault XP
 C = Vault XP percentage of total XP
 D = Non-vault monster count
 E = Vault monster count
 F = Vault count percentage of total count
                 A         B        C        D         E       F
            +---------+---------+-------+---------+---------+-------
      Total |     207 |     206 |  49.9 |      56 |      14 |  20.0
            +---------+---------+-------+---------+---------+-------
        D:1 |      38 |       0 |   0.0 |      16 |       0 |   0.0
        D:2 |     125 |       0 |   0.0 |      26 |       0 |   0.0
        D:3 |      30 |      19 |  38.8 |      11 |       9 |  45.0
        D:4 |      14 |     187 |  93.0 |       3 |       5 |  62.5
            +---------+---------+-------+---------+---------+-------
